 Dungeon Crawl Stone Soup version 0.28.0-43-g3370ac3207 (webtiles) character file.

Game seed: 1829668546879036828

108 pkoi the Sneak (level 4, -4/27 HPs)
             Began as an Octopode Air Elementalist on Mar 18, 2022.
             Slain by a black bear (6 damage)
             ... on level 3 of the Dungeon.
             The game lasted 00:03:11 (3342 turns).

pkoi the Sneak (Octopode Air Elementalist)          Turns: 3342, Time: 00:03:12

Health: -4/27      AC:  1    Str:  7    XL:     4   Next: 87%
Magic:  7/7        EV: 13    Int: 19    God:
Gold:   77         SH:  0    Dex: 12    Spells: 3/7 levels left

rFire   . . .      SeeInvis .   e - +1 hunting sling (flame)
rCold   . . .      Faith    .   (no shield)
rNeg    . . .      Spirit   .   (helmet restricted)
rPois   .          Reflect  .   (no amulet)
rElec   .          Harm     .   (no ring)
rCorr   .          Rampage  .   (no ring)
Will    .....                   (no ring)
Stlth   ++++......              (no ring)
HPRegen 0.09/turn               (no ring)
MPRegen 0.10/turn               (no ring)
                                (no ring)
                                (no ring)

@: no status effects
A: almost no armour, amphibious, 8 rings, camouflage 1, gelatinous body 1,
(nimble swimmer 1), tentacles
a: no special abilities


You were on level 3 of the Dungeon.
You visited 1 branch of the dungeon, and saw 3 of its levels.

You collected 77 gold pieces.

Inventory:

Hand Weapons
 c - a +0 dagger
 e - a +1 hunting sling of flaming (weapon)
Missiles
 f - 58 stones
 g - 32 sling bullets (quivered ammo)
 j - 6 curare-tipped darts
Scrolls
 b - a scroll of teleportation {unknown}
 d - a scroll of identify {unknown}
 h - a scroll of fear {unknown}
 i - a scroll of immolation {unknown}
 k - a scroll of summoning {unknown}
Potions
 a - a potion of invisibility {unknown}
 l - 3 potions of curing


   Skills:
 - Level 2.0 Dodging
 - Level 5.0 Stealth
 - Level 2.0 Spellcasting
 - Level 1.0 Conjurations
 * Level 4.5 Air Magic


You had 3 spell levels left.
You knew the following spells:

 Your Spells              Type           Power      Damage    Failure   Level
a - Shock                 Conj/Air       48%        1d6       5%          1
b - Swiftness             Air            19%        N/A       8%          3

Your spell library contained the following spells:

 Spells                   Type           Power      Damage    Failure   Level
 Static Discharge         Conj/Air       12%        N/A       9%          2
 Pain                     Necr           4%         1d4       17%         1
 Airstrike                Air            9%         N/A       26%         4
 Agony                    Necr           1%         N/A       99%         5
 Excruciating Wounds      Necr           0%         N/A       99%         5


Dungeon Overview and Level Annotations

Branches:
Dungeon (3/15)

Altars:

Shops:
D:3 (


Innate Abilities, Weirdness & Mutations

You cannot wear most types of armour.
You are amphibious.
You can wear up to eight rings at the same time.
Your skin changes colour to match your surroundings (Stealth+).
Your rubbery body absorbs attacks. (AC +1, EV +1)
((You are camouflaged when in or above water. (Stealth+)))
You have tentacles for arms and can constrict up to eight enemies at once.


Message History

A bat is nearby!
You shoot a sling bullet. The sling bullet hits the bat!
The sling bullet burns the bat.
You kill the bat!
No target in view!
No target in view!
No target in view!
g - 37 sling bullets (gained 1)
You see here a bat corpse.
A black bear comes into view.
A black bear is nearby!
You shoot a sling bullet. The sling bullet hits the black bear.
The sling bullet burns the black bear.
The black bear growls angrily.
The black bear is lightly wounded.
You shoot a sling bullet. The sling bullet hits the black bear.
The sling bullet burns the black bear.
The black bear is moderately wounded.
You shoot a sling bullet. The sling bullet hits the black bear.
The sling bullet burns the black bear.
The black bear is heavily wounded.
You shoot a sling bullet. The sling bullet hits the black bear.
The sling bullet burns the black bear.
The black bear is severely wounded.
The black bear goes berserk!
Fire: 33 sling bullets
Press: ? - help, Q - select action, (/) - cycle Shift-Dir - straight line, p - black bear You shoot a sling bullet.
The sling bullet hits the black bear but does no damage.
The black bear is severely wounded.
The black bear bites you!
* * * LOW HITPOINT WARNING * * *
The black bear claws you.
* * * LOW HITPOINT WARNING * * *
The black bear misses you. The black bear bites you.
* * * LOW HITPOINT WARNING * * *
The black bear claws you!
* * * LOW HITPOINT WARNING * * *
The black bear claws you.
You die...

## ## .#
#( .# #(
.# #( .#.
#(#
####h####
#..@....#
#.##.##.#
##.##.##.#
#........#
#...###..#
#...###..#
#..†.....#
#.##.##.##
#.##.##.#


You could see a black bear (berserk).

Vanquished Creatures
  Jessica (D:2)
  4 adders
  A dart slug (D:1)
  2 bats (D:3)
  8 endoplasms
  A giant cockroach (D:1)
  4 goblins
  4 hobgoblins
  6 jackals (D:1)
  4 kobolds
  2 frilled lizards
  A rat (D:2)
38 creatures vanquished.

Notes
Turn   | Place    | Note
-------+----------+-------------------------------------------
     0 | D:1      | pkoi the Octopode Air Elementalist began the quest for the
                  | Orb.
     0 | D:1      | Reached XP level 1. HP: 11/11 MP: 3/3
    88 | D:1      | Reached skill level 3 in Stealth
   562 | D:1      | Reached XP level 2. HP: 17/17 MP: 1/5
   720 | D:1      | Reached skill level 4 in Stealth
  1232 | D:1      | Reached XP level 3. HP: 21/21 MP: 3/6
  1401 | D:1      | Reached skill level 5 in Stealth
  2329 | D:2      | Learned a level 3 spell: Swiftness
  2442 | D:2      | Reached XP level 4. HP: 27/27 MP: 7/7
  2567 | D:2      | Found a faded altar of an unknown god.
  2866 | D:2      | Noticed Jessica
  2869 | D:2      | Killed Jessica
  3131 | D:3      | Found Ide Wopt's Weapon Emporium.
  3336 | D:3      | Noticed a black bear
  3342 | D:3      | Slain by a black bear

Illustrated notes

Levels and vault maps discovered:
D:1:      minmay_arrival_split_and_join, layout_basic, chequers_arboretum,
          grunt_decor_one_mirror, corexii_item_surrounded_by_moat
D:2:      layout_basic, basic_ecumenical_altar, nicolae_underground_beach,
          uniq_jessica
D:3:      layout_loops_cross, grunt_dithmenos_smoke_and_mirrors, serial_shops,
          nicolae_shop_bloodbath_and_beyond

Skill      XL: |  1  2  3  4 |
---------------+-------------+-----
Stealth        | 3 4 5 |  5.0
Air Magic      | 4 |  4.5
Dodging        | |  2.0
Spellcasting   | |  2.0
Conjurations   | |  1.0

Action                   |  1- 3 |  4- 6 || total
-------------------------+-------+-------++-------
Melee: Unarmed           |    13 |       ||    13
       Constrict         |     6 |       ||     6
       Tentacles         |     6 |       ||     6
 Fire: Hunting sling     |    25 |    27 ||    52
 Cast: Shock             |    40 |       ||    40
Dodge: Dodged            |     8 |     7 ||    15
